 Dungeon Crawl Stone Soup version 0.18-a0-1266-g3be6530 (webtiles) character file.

91 Psiweapon the Bolt Thrower (level 4, -1/26 HPs)
             Began as a Kobold Hunter on Feb 6, 2016.
             Slain by an orc
             ... wielding a +0 hand axe of chopping
              (2 damage)
             ... on level 2 of the Dungeon.
             The game lasted 00:06:37 (1727 turns).

Psiweapon the Bolt Thrower (Kobold Hunter)          Turns: 1727, Time: 00:06:37

Health: -1/26      AC:  5    Str: 10    XL:     4   Next: 87%
Magic:  4/4        EV: 15    Int:  9    God:
Gold:   60         SH:  0    Dex: 17    Spells: 0 memorised, 3 levels left

rFire  . . .     SeeInvis .     b - +0 short sword
rCold  + . .     Gourm    .     c - +0 leather armour
rNeg   . . .     Faith    .     (shield restricted)
rPois  .         Spirit   .     (no helmet)
rElec  .         Dismiss  .     u - +1 cloak
rCorr  .         Reflect  .     (no gloves)
SustAt .         Harm     +     (no boots)
MR     .....                    g - amulet of harm
Stlth  +++.......               o - ring of flight
                                k - ring of protection from cold

@: not resistant to hostile enchantments, fairly stealthy
A: carnivore 3
a: Evoke Flight


You were on level 2 of the Dungeon.
You were completely stuffed.

You visited 1 branch of the dungeon, and saw 3 of its levels.

You collected 60 gold pieces.

Inventory:

Hand Weapons
 a - a +1 hand crossbow
 b - a +0 short sword (weapon)
 t - a +2 quarterstaff of chaos
Missiles
 d - 15 bolts
Armour
 c - a +0 leather armour (worn)
 u - a +1 cloak (worn)
Jewellery
 g - an amulet of harm (around neck)
 k - a ring of protection from cold (left hand)
 o - a ring of flight (right hand)
 v - an uncursed ring of fire
 w - an uncursed ring of wizardry
Scrolls
 e - 2 scrolls of recharging {unknown}
 j - a scroll of remove curse {unknown}
 m - a scroll of enchant armour {unknown}
 n - a scroll of random uselessness {unknown}
 r - a scroll of identify {unknown}
Potions
 h - a potion of cancellation {unknown}
 i - 2 potions of mutation {unknown}
 l - 2 potions of flight {unknown}
 q - a potion of agility {unknown}
 s - 2 potions of berserk rage {unknown}
Comestibles
 f - 3 meat rations
 p - 7 chunks of flesh


   Skills:
 - Level 2.1 Fighting
 + Level 3.6 Short Blades
 - Level 4.8 Crossbows
 - Level 2.4 Dodging
 + Level 4.4 Stealth


You had 3 spell levels left.
You didn't know any spells.

Dungeon Overview and Level Annotations

Branches:
Dungeon (3/15)

Altars:


Innate Abilities, Weirdness & Mutations

You are small and have problems with some larger weapons.
You are carnivorous and can eat meat at any time.


Message History

The orc barely misses you.
You hit the orc but do no damage.
The orc is almost dead.
The orc hits you with a hand axe of chopping.
You hit the orc but do no damage.
The orc is almost dead.
The orc hits you with a hand axe of chopping.
Your leather armour prevents you from hitting the orc.
The orc is almost dead.
The orc closely misses you.
You closely miss the orc.
The orc is almost dead.
The orc hits you with a hand axe of chopping.
You hit the orc but do no damage.
The orc is almost dead.
You hit the orc but do no damage.
The orc is almost dead.
The orc hits you with a hand axe of chopping.
* * * LOW HITPOINT WARNING * * *
You die...

####.#.....# #
#######..........# #
#.......%....#.#.# #
#..........#.#.#.# #
#..........#.#.#.# #
#..........#.#...# #
##########.#.##..##########
#..................#
########.@.....###########
#...<...#.o....## #
#..........###..# #
#..........# #..# #
#.......#..###..# #
#.......#.......# #
#.........###...##########
#........## ###..........#
#........# ##.......###


You could see an orc.

Vanquished Creatures
  Crazy Yiuf (D:2)
  A gnoll (D:1)
  An adder (D:2)
  An ooze (D:1)
  3 giant geckos (D:1)
  An orc (D:3)
  A ball python (D:2)
  2 giant cockroaches (D:2)
  3 hobgoblins
  4 jackals (D:2)
  4 kobolds
  5 bats (D:2)
  3 giant newts
  3 goblins
  3 rats
36 creatures vanquished.

Notes
Turn   | Place    | Note
--------------------------------------------------------------
     0 | D:1      | Psiweapon the Kobold Hunter began the quest for the Orb.
     0 | D:1      | Reached XP level 1. HP: 12/12 MP: 1/1
   157 | D:3      | Reached skill level 1 in Short Blades
   159 | D:3      | Reached XP level 2. HP: 17/17 MP: 2/2
   228 | D:1      | Reached XP level 3. HP: 13/21 MP: 3/3
  1097 | D:2      | Reached XP level 4. HP: 17/26 MP: 4/4
  1293 | D:2      | Noticed Crazy Yiuf
  1297 | D:2      | Killed Crazy Yiuf
  1727 | D:2      | HP: 1/26 [orc/hand axe of chopping (7)]
  1727 | D:2      | Slain by an orc

Vault maps used:
D:1:      roderic_octagonal_star
D:2:      minmay_door_path, uniq_crazy_yiuf_cottage
D:3:      kennysheep_the_goblin_king, old_standard_altar, grunt_qazlal_clouds,
          grunt_pakellas_basics, uniq_natasha

Action                   |  1- 3 |  4- 6 || total
-------------------------+-------+-------++-------
Melee: Short sword       |    25 |    26 ||    51
 Fire: Hand crossbow     |    27 |    15 ||    42
 Stab: Sleeping          |       |     1 ||     1
  Eat: Chunk             |     9 |     2 ||    11
